 Dungeon Crawl Stone Soup version 0.31-a0-1057-g70f3316 (webtiles) character file.

Game seed: 7143058444130567967

520834 Wizard1ke the Hill Orc Porcupine (level 25, -16/238 HPs)
             Began as a Hill Orc Brigand on Nov 19, 2023.
             Was a High Priest of Beogh.
             Killed from afar by a black draconian (36 damage)
             ... with a bolt of lightning
             ... on level 4 of the Realm of Zot on Nov 20, 2023.
             The game lasted 03:08:15 (81485 turns).

Wizard1ke the Hill Orc Porcupine (HOBr)            Turns: 81485, Time: 03:08:16

Health: -16/238    AC: 45    Str: 31    XL:     25   Next: 28%
Magic:  36/39      EV:  7    Int: 17    God:    Beogh [*****.]
Gold:   7175       SH: 23    Dex: 16    Spells: 22/24 levels left

rFire   + + +        q - +5 demon trident (freeze)
rCold   + + +        E - +2 shield of Resistance {rF++ rC++ Will++}
rNeg    . . .        s - +9 gold dragon scales
rPois   +            c - +0 helmet {SInv}
rElec   .            F - +2 cloak {rPois}
rCorr   +            m - +0 pair of gloves {Str+3}
SInv    +            k - +0 pair of boots
Will    +++..        R - amulet of reflection Stlth
                     X - ring "Vawup" {rCorr AC+4 Dex+4}
HPRegen 0.59/turn    P - ring "Gokoggun" {rC++ Str+2 Int+6}
MPRegen 0.26/turn

%: reflection
@: studying Stealth
A: walk on water, MP-powered wands
}: 3/15 runes: barnacled, silver, gossamer
a: Renounce Religion, Smiting, Recall Orcish Followers, Give Item to Named
Follower


You were on level 4 of the Realm of Zot.
You worshipped Beogh.
Beogh was extremely pleased with you.
You visited 9 branches of the dungeon, and saw 46 of its levels.
You also visited: Ossuary, Gauntlet and Ice Cave.

You collected 8158 gold pieces.
You spent 983 gold pieces at shops.

Inventory:

Hand Weapons
 q - a +5 demon trident of freezing (weapon)
 r - a +1 hand cannon of flaming
Missiles
 d - 20 silver javelins
 e - 10 curare-tipped darts (quivered)
 y - 6 throwing nets
 T - 14 javelins
Armour
 c - a +0 helmet of see invisible (worn)
 k - a +0 pair of boots (worn)
 m - a +0 pair of gloves of strength (worn)
 s - +9 gold dragon scales (worn)
 B - the +2 fire dragon scales "Gaigoq" {rElec rF++ rC- MP+9 Stlth+}
   (You took it off a minotaur in a Gauntlet)

   rF++:      It greatly protects you from fire.
   rC-:       It makes you vulnerable to cold.
   rElec:     It insulates you from electricity.
   MP+9:      It affects your magic capacity (+9).
   Stlth+:    It makes you more stealthy.
 E - the +2 shield of Resistance (worn) {rF++ rC++ Will++}
   (You took it off a deep elf high priest on level 3 of the Elven Halls)

   rF++:      It greatly protects you from fire.
   rC++:      It greatly protects you from cold.
   Will++:    It greatly increases your willpower.
 F - a +2 cloak of poison resistance (worn)
 W - the +0 pair of gloves of a Labyrinth {rC+ Int+3}
   (You found it on level 4 of the Shoals)

   Int+3:     It affects your intelligence (+3).
   rC+:       It protects you from cold.
Jewellery
 j - the ring of Zin's Approval {Fly rN+ Will+ Int-4 Dex+6}
   (You took it off a deep elf annihilator on level 3 of the Elven Halls)

   [ring of flight]

   Int-4:     It affects your intelligence (-4).
   Dex+6:     It affects your dexterity (+6).
   rN+:       It protects you from negative energy.
   Will+:     It increases your willpower.
   Fly:       It grants you flight.
 P - the ring "Gokoggun" (right hand) {rC++ Str+2 Int+6}
   (You took it off a minotaur in a Gauntlet)

   [ring of intelligence]

   Str+2:     It affects your strength (+2).
   Int+6:     It affects your intelligence (+6).
   rC++:      It greatly protects you from cold.
 R - an amulet of reflection (around neck)
 X - the ring "Vawup" (left hand) {rCorr AC+4 Dex+4}
   (You took it off a deep elf elementalist on level 3 of the Elven Halls)

   [ring of protection]

   AC+4:      It affects your AC (+4).
   Dex+4:     It affects your dexterity (+4).
   rCorr:     It protects you from acid and corrosion.
Wands
 p - a wand of iceblast (35)
 G - a wand of charming (51)
 K - a wand of quicksilver (21)
 S - a wand of digging (2)
 U - a wand of mindburst (22)
Scrolls
 a - 5 scrolls of fear
 g - 20 scrolls of teleportation
 h - 9 scrolls of poison
 o - 7 scrolls of fog
 u - 3 scrolls of butterflies
 z - 6 scrolls of revelation
 H - 11 scrolls of vulnerability
 I - 3 scrolls of silence {!r}
 L - 3 scrolls of blinking
 N - 8 scrolls of immolation
Potions
 b - 5 potions of berserk rage {!q}
 l - 5 potions of magic
 t - 12 potions of mutation
 w - 8 potions of haste
 x - 10 potions of lignification
 A - 7 potions of enlightenment
 C - 2 potions of might
 D - 9 potions of attraction
 J - 17 potions of curing
 M - a potion of heal wounds
 Q - 7 potions of ambrosia
 V - a potion of resistance
 Y - 4 potions of invisibility
Miscellaneous
 i - a box of beasts (inert)
 n - a phial of floods (inert)
 v - a lightning rod (2/4)
 O - a condenser vane (inert)
 Z - a phantom mirror (inert)


   Skills:
 - Level 22.0 Fighting
 - Level 2.0 Short Blades
 O Level 27 Polearms
 - Level 1.7 Throwing
 - Level 20.2 Armour
 - Level 0.7 Dodging
 - Level 3.2 Stealth
 - Level 20.3 Shields
 + Level 24.2 Invocations


You had 22 spell levels left.
You knew the following spells:

 Your Spells              Type           Power      Damage    Failure   Level
a - Blink                 Tloc           0%         N/A       98%         2

Your spell library contained the following spells:

 Spells                   Type           Power      Damage    Failure   Level
 Freeze                   Ice            0%         1d3       95%         1
 Magic Dart               Conj           0%         1d3       95%         1
 Necrotise                Necr           0%         1d4       95%         1
 Shock                    Conj/Air       0%         1d3       95%         1
 Sting                    Tmut/Pois      0%         1d3       95%         1
 Call Imp                 Summ           0%         N/A       98%         2
 Ensorcelled Hibernation  Hex/Ice        0%         N/A       98%         2
 Jinxbite                 Hex            0%         N/A       98%         2
 Passwall                 Tmut/Erth      0%         N/A       98%         2
 Poisonous Vapours        Pois/Air       0%         N/A       98%         2
 Static Discharge         Conj/Air       0%         3-3/arc   98%         2
 Sublimation of Blood     Necr           0%         N/A       98%         2
 Confusing Touch          Hex            0%         N/A       100%        3
 Frozen Ramparts          Ice            0%         1d1       100%        3
 Hailstorm                Conj/Ice       0%         3d3       100%        3
 Inner Flame              Hex/Fire       0%         N/A       100%        3
 Mephitic Cloud           Conj/Pois/Air  0%         N/A       100%        3
 Ozocubu's Armour         Ice            0%         N/A       100%        3
 Swiftness                Air            0%         N/A       100%        3
 Tukima's Dance           Hex            0%         N/A       100%        3
 Vampiric Draining        Necr           0%         2d6       100%        3
 Airstrike                Air            0%         2d(0-16)  100%        4
 Anguish                  Hex/Necr       0%         N/A       100%        4
 Animate Armour           Summ/Erth      0%         N/A       100%        4
 Dimensional Bullseye     Hex/Tloc       0%         N/A       100%        4
 Iskenderun's Mystic Bla  Conj/Tloc      0%         2d3       100%        4
 Leda's Liquefaction      Hex/Erth       0%         N/A       100%        4
 Manifold Assault         Tloc           0%         N/A       100%        4
 Olgreb's Toxic Radiance  Pois           0%         N/A       100%        4
 Passage of Golubria      Tloc           0%         N/A       100%        4
 Petrify                  Tmut/Erth      0%         N/A       100%        4
 Summon Lightning Spire   Summ/Air       0%         N/A       100%        4
 Vhi's Electric Charge    Tloc/Air       0%         N/A       100%        4
 Agony                    Necr           0%         N/A       100%        5
 Arcjolt                  Conj/Air       0%         1d10      100%        5
 Freezing Cloud           Conj/Ice/Air   0%         6-21      100%        5
 Irradiate                Conj/Tmut      0%         3d11      100%        5
 Lee's Rapid Deconstruct  Erth           0%         3d4*      100%        5
 Silence                  Hex/Air        0%         N/A       100%        5
 Summon Forest            Summ/Tloc      0%         N/A       100%        5
 Yara's Violent Unravell  Hex/Tmut       0%         3d3       100%        5
 Bombard                  Conj/Erth      0%         9d1       100%        6
 Eringya's Noxious Bog    Tmut/Pois      0%         4d6       100%        6
 Simulacrum               Ice/Necr       0%         N/A       100%        6
 Enfeeble                 Hex            0%         N/A       100%        7
 Malign Gateway           Summ/Tloc      0%         N/A       100%        7
 Ozocubu's Refrigeration  Ice            0%         4d7       100%        7
 Summon Hydra             Summ           0%         N/A       100%        7
 Discord                  Hex            0%         N/A       100%        8
 Ignition                 Fire           0%         3d3       100%        8
 Lehudib's Crystal Spear  Conj/Erth      0%         10d2      100%        8
 Maxwell's Capacitive Co  Air            0%         ∞         100%        8
 Summon Horrible Things   Summ           0%         N/A       100%        8
 Chain Lightning          Conj/Air       0%         N/A       100%        9
 Fire Storm               Conj/Fire      0%         5d1       100%        9
 Polar Vortex             Ice            0%         N/A       100%        9
 Shatter                  Erth           0%         3d5*      100%        9


Dungeon Overview and Level Annotations

Branches:
Dungeon (15/15)            Temple (0/1) D:7            Lair (5/5) D:8
 Shoals (4/4) Lair:2       Spider (4/4) Lair:2        Slime (0/5) Lair:5
    Orc (2/2) D:12            Elf (3/3) Orc:2        Vaults (5/5) D:14
  Crypt (0/3) Vaults:3     Depths (4/4) D:15            Zot (4/5) Depths:4
Ossuary (visited)           IceCv (visited)         Gauntlet (visited)

Altars:
Ashenzari
Cheibriados
Elyvilon
Hepliaklqana
Kikubaaqudgha
Makhleb
Nemelex Xobeh
Okawaru
Qazlal
Ru
Sif Muna
Xom
Yredelemnul
Zin
Beogh
Jiyva

Shops:
D:5 (   D:6 ?   D:10 (   D:12 [[?   Orc:2 !([[   Elf:1 [   Elf:3 (   Vaults:1 (
Vaults:3 [

Portals:
Hell: Lair:5 Depths:1 Depths:2 Depths:3 Depths:4
Abyss: Depths:3 Depths:4
Pandemonium: Depths:1 Depths:2
Ziggurat: Depths:4
Trove: Vaults:1 (give horn of Geryon)

Annotations:
D:8 3 runed translucent doors, exclusion: 3 doors, cowcow's ghost, novice DsBr
Spider:3 1 runed translucent door, exclusion: door
Orc:1 2 transporters, 2sma's ghost, journeyman MiBe
Elf:2 5 runed translucent doors, exclusion: 5 doors
Vaults:5 !vaults warning
Depths:2 2 exclusions
Depths:3 2 transporters, 1 runed translucent door, exclusions: door and 2 orange crystal statues, Qut Zosu's ghost, veteran MiCA
Depths:4 2 runed translucent doors, exclusions: angel, 3 daevas and 4 more exclusions
Zot:4 1 runed translucent door, exclusions: door and 1 more exclusion, Nacytt's ghost, legendary MiFi


Innate Abilities, Weirdness & Mutations

You can walk on water.
You expend magic power (3 MP) to strengthen your wands.


Message History

You kill the purple draconian!
Beogh accepts your kill.
Your hearing returns.
The red draconian roars!
You are too injured to fight recklessly!
Items here: )))) [[[ †.
You closely miss the black draconian.
The black draconian hits you but does no damage.
You hit the black draconian. You freeze the black draconian.
The black draconian is lightly wounded.
You barely miss the black draconian.
The black draconian is lightly wounded.
You block the black draconian's attack.
You impale the black draconian!!
The black draconian seems to slow down.
You freeze the black draconian!
The black draconian is heavily wounded.
You hear a roar!
You hit the black draconian but do no damage.
The black draconian is heavily wounded.
The black draconian breathes lightning at you.
The bolt of lightning hits you!
* * * LOW HITPOINT WARNING * * *
The bolt of lightning hits you!
* * * LOW HITPOINT WARNING * * *
The bolt of lightning hits the black draconian.
The black draconian completely resists.
The bolt of lightning hits the black draconian.
The black draconian completely resists.
You hear a shout!
Okay, then.
Aiming: Smiting
Press: ? - help, Dir - move target, f - black draconian Smite: a black draconian, wielding a +0 war axe (heavily wounded, slow)
You smite the black draconian!!
The black draconian is almost dead.
The black draconian breathes lightning at you.
The bolt of lightning hits you!!
* * * LOW HITPOINT WARNING * * *
The bolt of lightning hits you!!!
You die...

......#### ###.8.8..8..#.#
......#..## *.........#.#
..........## *..8#.#8..#.#
...#.......## *,.##.##..#.#
..##........## *,,#...#..#.#
..##.........## *,,#...#..#)#
..##..........## *,,#._.#..#.#
..##...........###,,###*#..#.#
..##############@###*#######.#
..###############d)###.......#
.......>..........##...#######*
...............d.d.##......>..*
....................##........*
#########..d...........#######*
#########............#.......,*
................)......######**
........................# *


You could see a black draconian (slow, catching breath) and a red draconian.

Vanquished Creatures
  An ancient lich (Vaults:5)
  An orb of fire (Zot:4)
  Mennas (Depths:3)
  A Killer Klown (Zot:4)
  A curse toe (Zot:2)
  8 golden dragons
  A bone dragon (Depths:4)
  An electric golem (Zot:3)
  7 tentacled monstrosities
  Rupert (D:12)
  A deep elf master archer (Elf:3)
  A deep elf blademaster (Elf:3)
  2 liches (Depths:3)
  4 titans (Vaults:5)
  5 sphinxes
  6 quicksilver dragons
  A kraken (Shoals:2)
  The ghost of soulfreshner the Fighter, an adept NaEn of Wu Jian (Elf:1)
  7 death cobs
  8 storm dragons
  4 draconian monks
  8 tengu reavers
  7 fire giants
  12 shadow dragons
  4 draconian knights
  Louise (Depths:3)
  9 deep elf sorcerers
  8 frost giants
  10 vault wardens
  An emperor scorpion (Spider:3)
  2 spectral caustic shrikes (Depths:2)
  2 draconian scorchers
  An orc warlord (Vaults:4)
  3 draconian stormcallers
  3 angels (Zot:4)
  6 deep elf elementalists (Elf:3)
  8 draconian shifters
  5 ghost moths
  3 spriggan defenders (Depths:3)
  A curse skull (Vaults:3)
  6 draconian annihilators
  13 very ugly things
  A quicksilver ooze (shapeshifter) (Vaults:5)
  12 stone giants
  2 broodmothers (Spider:4)
  A reaper (Depths:1)
  3 formless jellyfish
  15 ironbound preservers
  7 green draconians
  3 ironbound thunderhulks
  10 black draconians
  2 vampire knights
  8 deep elf annihilators
  Azrael (D:13)
  8 dire elephants
  A minotaur (Gauntlet)
  12 yellow draconians
  6 deep elf demonologists
  5 white draconians
  A spark wasp (Spider:4)
  9 purple draconians
  6 red draconians
  A blizzard demon (Depths:1)
  5 deep elf death magi
  10 ettins
  A green death (D:15)
  6 deep elf high priests
  7 merfolk impalers
  2 merfolk javelineers (Shoals:4)
  7 entropy weavers
  7 fire dragons
  11 yaktaur captains
  5 ice dragons
  An entropy weaver (shapeshifter) (Vaults:5)
  A hell beast (Lair:5)
  A great orb of eyes (shapeshifter) (Vaults:5)
  43 vault guards
  3 hydras
  A great orb of eyes (Vaults:3)
  A peacekeeper (Vaults:2)
  3 ironbound frosthearts (Vaults:4)
  4 ogre magi
  4 spriggan air magi
  7 centaur warriors
  3 jorogumos
  3 radroaches
  A radroach (shapeshifter) (Vaults:5)
  4 merfolk avatars
  A spectral stone giant (Depths:2)
  10 boulder beetles
  4 deep troll shamans
  11 dancing weapons
  2 catoblepae
  2 spectral fire giants (Depths:2)
  2 death yaks (Lair:3)
  5 tengu warriors
  7 two-headed ogres
  7 demonic crawlers
  2 hell hogs (Depths:1)
  A thrashing horror (Gauntlet)
  3 deep troll earth magi
  8 spriggan berserkers
  A satyr (Shoals:2)
  3 orc high priests
  A vampire mage (Vaults:3)
  15 hell knights
  12 deep elf knights
  2 shadow wraiths
  5 skysharks
  4 soul eaters (Depths:1)
  A pharaoh ant (Spider:4)
  A spectral spriggan (Depths:2)
  5 sun demons
  2 skeletal warriors (D:15)
  3 sun moths (Spider:4)
  A storm dragon skeleton (D:15)
  7 sea snakes
  2 glowing orange brains (Depths:4)
  A goliath frog (Depths:1)
  3 orb spiders
  28 deep trolls
  4 lindwurms (Vaults:4)
  4 phantasmal warriors (Vaults:5)
  14 deep elf archers
  6 arcanists
  12 ironbound convokers
  8 steelbarb worms
  2 orc knights
  A steelbarb worm (shapeshifter) (Vaults:5)
  25 deep elf pyromancers
  Pikel (D:4)
  27 deep elf zephyrmancers
  12 harpies
  2 orc sorcerers
  6 necromancers
  15 manticores
  7 fauns
  11 wolf spiders
  17 ugly things
  2 salamanders (Depths:1)
  A cyclops (shapeshifter) (Depths:4)
  2 cyclopes (Shoals:1)
  A manticore (shapeshifter) (Vaults:5)
  18 moths of wrath
  4 merfolk sirens
  2 elephants (Gauntlet)
  2 ice statues (IceCv)
  7 water nymphs
  A black mamba (Lair:5)
  A frost giant skeleton (Depths:3)
  An elephant (shapeshifter) (Depths:3)
  13 vault sentinels
  4 smoke demons
  2 orange demons
  3 torpor snails
  A large abomination (Depths:1)
  9 cane toads
  4 unseen horrors
  5 komodo dragons
  2 unseen horrors (shapeshifter)
  3 freezing wraiths
  13 yaktaurs
  9 rime drakes
  2 ice devils (Lair:5)
  3 red devils
  2 tengu conjurers
  A meliai (shapeshifter) (D:15)
  3 wind drakes
  7 meliai
  15 merfolk
  4 trolls
  A hellwing (Lair:5)
  2 polar bears
  4 hornets
  A glass eye (Depths:3)
  9 snapping turtles
  17 tarantellas
  9 dream sheep
  20 jumping spiders
  7 blink frogs
  2 air elementals
  9 slime creatures
  4 spriggans
  A spriggan skeleton (D:15)
  A wyvern (D:9)
  4 small abominations
  2 wraiths
  17 culicivoras
  6 water elementals
  20 yaks
  2 fire elementals
  2 humans (shapeshifter)
  51 redbacks
  3 basilisks
  5 vampire mosquitoes
  3 wargs
  A steam dragon (D:9)
  An acid dragon (D:6)
  10 water moccasins
  15 hell hounds
  13 orc warriors
  A meliai simulacrum (D:14)
  An ice beast (shapeshifter) (Zot:4)
  An ice beast (D:8)
  3 black bears
  2 sky beasts
  13 wolves
  12 centaurs
  8 ogres
  A phantom (D:15)
  5 boggarts
  2 lemures (D:4)
  9 bullfrogs
  2 earth elementals (Elf:2)
  14 scorpions
  An elf skeleton (D:5)
  8 wights
  Dowan (D:7)
  5 lindwurm simulacra (IceCv)
  A howler monkey (D:9)
  17 electric eels
  4 crimson imps (Gauntlet)
  7 komodo dragon simulacra (IceCv)
  A centaur zombie (Ossuary)
  A hound (D:6)
  3 human zombies
  9 orc priests
  4 jellies
  2 human skeletons (D:5)
  Jessica (D:3)
  9 scorpion zombies (Ossuary)
  4 sleepcaps
  Ijyb (D:4)
  8 orc wizards
  4 hell rats
  3 mummies (Ossuary)
  Robin (D:3)
  A gnoll (D:1)
  3 acid dragon simulacra (IceCv)
  13 adders
  5 river rats (Lair:1)
  A shadow imp (D:7)
  5 white imps
  2 ufetubi (D:5)
  6 steam dragon simulacra (IceCv)
  A worm (D:3)
  6 dart slugs
  16 orcs
  8 ball pythons
  5 endoplasms
  4 giant cockroaches
  3 gnoll zombies (Ossuary)
  13 goblins
  6 hobgoblins
  5 jackals
  8 kobolds
  4 quokkas
  3 training dummies (Elf:3)
  3 bats
  4 frilled lizards
  5 hobgoblin zombies (Ossuary)
  A kobold zombie (Ossuary)
  An orc skeleton (D:5)
  2 orc zombies
  10 rats
  2 tentacles (Shoals:2)
1471 creatures vanquished.

Vanquished Creatures (collateral kills)
  Mara (Shoals:4)
  Norris (Vaults:3)
  A golden dragon (Depths:3)
  Nikola (Shoals:4)
  Zenata (Vaults:3)
  A titan (Vaults:5)
  A sphinx (Vaults:2)
  Polyphemus (Shoals:4)
  Frances (D:13)
  A kraken (Shoals:4)
  A shadow dragon (Vaults:5)
  2 tengu reavers
  A storm dragon (Vaults:3)
  Aizul (Shoals:1)
  An emperor scorpion (Spider:4)
  A fire giant (Depths:2)
  A frost giant (Shoals:4)
  10 vault wardens
  A balrug (Depths:1)
  2 spectral caustic shrikes (Depths:2)
  An orc warlord (Orc:2)
  3 very ugly things (Depths:2)
  9 ironbound preservers
  A caustic shrike skeleton (Depths:3)
  A stone giant (Depths:1)
  7 ironbound thunderhulks
  A reaper (D:15)
  10 dire elephants (Vaults:2)
  An ettin (Depths:1)
  A crystal guardian (Vaults:2)
  A fire dragon (Depths:3)
  4 yaktaur captains
  2 entropy weavers
  2 merfolk javelineers (Shoals:4)
  3 great orbs of eyes
  2 spectral krakens (Shoals:4)
  5 merfolk impalers
  3 ghost crabs (Shoals:4)
  Harold (D:11)
  A spriggan zombie (Depths:3)
  An ice dragon (Depths:1)
  2 catoblepae
  A hydra (D:15)
  A sphinx zombie (Vaults:3)
  5 vault guards
  2 alligator snapping turtles
  A merfolk aquamancer (Shoals:4)
  A jorogumo (Spider:3)
  2 merfolk avatars
  6 ironbound frosthearts
  11 centaur warriors
  4 two-headed ogres
  A radroach (Spider:3)
  5 boulder beetles
  9 death yaks
  2 satyrs (Shoals:4)
  A demonic crawler (Spider:1)
  2 spriggan berserkers
  3 orc high priests (Orc:2)
  A vampire mage (D:15)
  2 sun demons
  6 skeletal warriors (D:15)
  3 skysharks
  A pharaoh ant (Spider:4)
  20 deep trolls
  8 sea snakes
  2 orb spiders
  A spark wasp zombie (D:15)
  3 necromancers
  4 lindwurms
  2 steelbarb worms (Spider:1)
  4 orc knights
  6 harpies
  9 ironbound convokers
  2 deep elf zephyrmancers (Elf:1)
  An iron dragon zombie (Depths:3)
  3 arcanists
  3 deep elf pyromancers
  5 wolf spiders
  14 ugly things
  6 fauns
  An orc sorcerer (Orc:2)
  6 manticores
  A cyclops (D:8)
  A moth of wrath (Spider:1)
  A spectral alligator snapping turtle (Shoals:4)
  5 merfolk sirens
  A water nymph (Shoals:3)
  Maggie (D:8)
  A water nymph (shapeshifter) (Depths:3)
  3 orange demons (D:12)
  4 cane toads
  8 vault sentinels
  3 torpor snails (Spider:4)
  10 yaktaurs
  A kobold demonologist (D:10)
  A freezing wraith (D:14)
  An ice devil (Lair:5)
  A tengu conjurer (Depths:1)
  3 komodo dragons
  2 red devils (D:12)
  A yaktaur (shapeshifter) (D:15)
  A meliai (D:15)
  5 wind drakes
  17 merfolk
  A hornet (Depths:3)
  A spectral merfolk (Shoals:4)
  6 tarantellas
  7 snapping turtles
  2 blink frogs (Lair:1)
  5 dream sheep
  An air elemental (Elf:1)
  20 slime creatures
  A shadow (D:10)
  3 water elementals
  13 jumping spiders
  22 yaks
  6 culicivoras
  2 basilisks
  A vampire (D:14)
  34 redbacks
  A chaos spawn (Depths:1)
  A steam dragon (D:7)
  A warg (Orc:2)
  An acid dragon (D:13)
  Duvessa (D:7)
  A spectral snapping turtle (Shoals:4)
  6 water moccasins
  9 orc warriors
  A human zombie (Vaults:3)
  A black bear (shapeshifter) (D:14)
  An ice beast (D:7)
  5 wolves
  4 boggarts
  A sky beast (D:6)
  2 ogres (Vaults:1)
  8 centaurs
  A phantom (D:7)
  A kobold brigand (D:10)
  3 bullfrogs
  4 wights
  3 hounds
  10 orc priests
  8 orc wizards
  An adder (D:6)
  A river rat (Lair:1)
  A shadow imp (D:6)
  9 white imps (Orc:2)
  22 orcs
  A giant cockroach (Depths:1)
  5 kobolds (D:10)
  2 rats (Lair:1)
  6 tentacles
582 creatures vanquished.

Vanquished Creatures (others)
  A quicksilver dragon (Zot:2)
  5 orc warlords
  A war gargoyle (Vaults:5)
  3 orc high priests
  An orc sorcerer (Vaults:5)
  4 deep elf knights
  17 orc knights
  A deep elf zephyrmancer (Elf:1)
  A vault sentinel (Vaults:5)
  A tengu conjurer (D:15)
  A jumping spider (Spider:4)
  A yak (Lair:5)
  24 orc priests
  A redback (Spider:4)
  34 orc warriors
  10 orc wizards
  64 orcs
  15 tentacles
185 creatures vanquished.

Grand Total: 2238 creatures vanquished

Notes
Turn   | Place    | Note
-------+----------+-------------------------------------------
     0 | D:1      | Wizard1ke the Hill Orc Brigand began the quest for the Orb.
     0 | D:1      | Reached XP level 1. HP: 18/18 MP: 1/1
   155 | D:1      | Reached XP level 2. HP: 25/26 MP: 2/2
   257 | D:1      | Found a faded altar of an unknown god.
   295 | D:1      | Reached XP level 3. HP: 14/33 MP: 3/3
   975 | D:2      | Reached skill level 5 in Fighting
  1009 | D:2      | Identified the +5 spear "Jedducre" {speed, Int+2}
  1038 | D:2      | Reached XP level 4. HP: 42/42 MP: 4/4
  1117 | D:2      | You fall into a shaft and drop 1 floor!
  1182 | D:3      | Became a worshipper of Beogh the Brigand
  1605 | D:3      | Noticed Jessica
  1612 | D:3      | Killed Jessica
  1613 | D:3      | Reached XP level 5. HP: 44/51 MP: 5/5
  2102 | D:3      | Noticed a black bear
  2113 | D:3      | Killed a black bear
  2114 | D:3      | Reached XP level 6. HP: 58/61 MP: 6/6
  2312 | D:3      | Reached * piety under Beogh
  2633 | D:4      | Noticed Robin
  2671 | D:3      | Killed Robin
  2672 | D:3      | Reached skill level 1 in Invocations
  2708 | D:4      | Found a broken altar of Ashenzari.
  2758 | D:4      | Found a shimmering altar of Xom.
  2770 | D:4      | Found a sacrificial altar of Ru.
  2770 | D:4      | Found a basalt altar of Yredelemnul.
  2809 | D:4      | Found a snail-covered altar of Cheibriados.
  2812 | D:4      | Found a white marble altar of Elyvilon.
  2967 | D:4      | Found a stormy altar of Qazlal.
  3005 | D:4      | Noticed Ijyb
  3036 | D:4      | Killed Ijyb
  3309 | D:4      | Noticed Pikel
  3382 | D:4      | Killed Pikel
  3383 | D:4      | Reached skill level 5 in Invocations
  3383 | D:4      | Reached XP level 7. HP: 30/69 MP: 8/11
  3566 | D:4      | Reached XP level 8. HP: 77/77 MP: 12/12
  3929 | D:5      | Entered Level 5 of the Dungeon
  4046 | D:5      | Reached ** piety under Beogh
  4085 | D:5      | Found an ancient bone altar of Kikubaaqudgha.
  4164 | D:5      | Found a sand-covered staircase.
  4191 | Ossuary  | Entered an ossuary
  4226 | Ossuary  | Reached skill level 10 in Fighting
  4697 | Ossuary  | Reached XP level 9. HP: 87/89 MP: 15/15
  4925 | Ossuary  | Reached skill level 1 in Polearms
  5107 | Ossuary  | Reached skill level 2 in Polearms
  5125 | Ossuary  | Reached skill level 3 in Polearms
  5126 | Ossuary  | Reached *** piety under Beogh
  5272 | D:5      | Found an iron altar of Okawaru.
  5313 | D:5      | Reached skill level 4 in Polearms
  5525 | D:5      | Found Kickeron's Antique Weapon Emporium.
  5744 | D:5      | Identified the +5 leather armour "Jaics" {rN+}
  5892 | D:6      | Found Foxzouff's Magic Scroll Boutique.
  5895 | D:6      | Bought a scroll of teleportation for 39 gold pieces
  5895 | D:6      | Bought a scroll of identify for 26 gold pieces
  5895 | D:6      | Bought a scroll of fear for 52 gold pieces
  5895 | D:6      | Bought a scroll of revelation for 97 gold pieces
  5920 | D:6      | Reached skill level 5 in Polearms
  6138 | D:6      | Found a hazy altar of Hepliaklqana.
  6155 | D:6      | Reached skill level 6 in Polearms
  6195 | D:6      | Reached skill level 7 in Polearms
  6241 | D:6      | Found a sparkling altar of Nemelex Xobeh.
  6730 | D:7      | Reached XP level 10. HP: 97/97 MP: 16/16
  6750 | D:7      | Reached skill level 8 in Polearms
  6908 | D:7      | Noticed Duvessa
  6908 | D:7      | Noticed Dowan
  6953 | D:7      | Killed Duvessa
  6957 | D:7      | Killed Dowan
  7102 | D:7      | Reached skill level 9 in Polearms
  7184 | D:7      | Found a staircase to the Ecumenical Temple.
  7993 | D:8      | Reached skill level 10 in Polearms
  7997 | D:8      | Reached **** piety under Beogh
  8027 | D:8      | Found the amulet of Elemental Vulnerability {rPois rF--
                  | rC-- AC+8}
  8057 | D:8      | Found a runed translucent gate.
  8059 | D:8      | Found a runed translucent gate.
  8059 | D:8      | Noticed cowcow's ghost (novice DsBr)
  8061 | D:8      | Found a runed translucent gate.
  8072 | D:8      | Identified the flux talisman "Uwneume Roji" {rC- Will-
                  | Str+9 Dex+5}
  8200 | D:8      | Noticed Maggie
  8242 | D:8      | Killed Maggie
  8243 | D:8      | Found a staircase to the Lair.
  8486 | D:8      | Noticed a cyclops
  8497 | D:8      | Killed a cyclops
  8498 | D:8      | Reached skill level 11 in Polearms
  8949 | D:9      | Reached skill level 12 in Polearms
  9375 | D:9      | Reached skill level 1 in Armour
  9431 | D:9      | Reached XP level 11. HP: 94/104 MP: 13/17
  9745 | D:10     | Entered Level 10 of the Dungeon
  9957 | D:10     | Noticed a two-headed ogre
  9966 | D:10     | Killed a two-headed ogre
 10299 | D:10     | Found Rustij's Weapon Shoppe.
 10423 | D:11     | Noticed Harold
 10452 | D:11     | Killed Harold
 10636 | D:11     | Reached ***** piety under Beogh
 10686 | D:11     | Gained Arbeogh as an ally
 11492 | Lair:1   | Entered Level 1 of the Lair of Beasts
 11510 | Lair:1   | Reached skill level 10 in Invocations
 11608 | Lair:1   | Identified the serpent talisman of the Futuristic God {rC-
                  | Will+ Dex+3}
 11655 | Lair:1   | Reached skill level 13 in Polearms
 11666 | Lair:1   | Reached skill level 5 in Armour
 11770 | Lair:1   | Noticed a boulder beetle
 11804 | Lair:1   | Killed a boulder beetle
 11805 | Lair:1   | Reached XP level 12. HP: 88/115 MP: 16/19
 11970 | Lair:1   | Gained Zorug as an ally
 13099 | Lair:2   | Found a staircase to the Shoals.
 13840 | Lair:2   | Found a hole to the Spider Nest.
 14099 | Lair:3   | Reached skill level 14 in Polearms
 14271 | Lair:3   | Found a gate leading to a gauntlet.
 14280 | Gauntlet | Entered a Gauntlet
 14280 | Gauntlet | Found a transporter.
 14280 | Gauntlet | Found a transporter.
 14306 | Gauntlet | Noticed a soul eater
 14388 | Gauntlet | Found a transporter.
 14390 | Gauntlet | Found a transporter.
 14396 | Gauntlet | Noticed a thrashing horror
 14398 | Gauntlet | Noticed a hell beast
 14399 | Gauntlet | Found a transporter.
 14399 | Gauntlet | Found a transporter.
 14401 | Gauntlet | Found a transporter.
 14401 | Gauntlet | Found a transporter.
 14404 | Gauntlet | Found a transporter.
 14404 | Gauntlet | Found a transporter.
 14407 | Gauntlet | Noticed a dire elephant
 14414 | Gauntlet | Found the +10 morningstar "Eos" {elec, Halo rElec}
 14416 | Gauntlet | Found a transporter.
 14515 | Gauntlet | Found the +7 lajatang of Order {silver, rMut}
 14529 | Gauntlet | Found a transporter.
 14722 | Gauntlet | Killed a thrashing horror
 14833 | Gauntlet | Reached skill level 15 in Fighting
 14863 | Gauntlet | Killed a dire elephant
 14878 | Gauntlet | Reached skill level 15 in Polearms
 14878 | Gauntlet | Reached XP level 13. HP: 66/126 MP: 8/22
 15035 | Gauntlet | Identified the +2 fire dragon scales "Gaigoq" {rElec rF++
                  | rC- MP+9 Stlth+}
 15035 | Gauntlet | Identified the +1 buckler "Bifeotup" {Harm Will- Int+7
                  | Slay+3}
 15035 | Gauntlet | Identified the ring "Gokoggun" {rC++ Str+2 Int+6}
 15035 | Gauntlet | Noticed a minotaur
 15039 | Gauntlet | Killed a minotaur
 15684 | Lair:3   | Reached skill level 16 in Polearms
 17104 | Lair:5   | Entered Level 5 of the Lair of Beasts
 17317 | Lair:5   | Your ally Zorug died
 17687 | Lair:5   | Reached skill level 1 in Shields
 18102 | Lair:5   | Reached skill level 5 in Shields
 18208 | Lair:5   | Reached XP level 14. HP: 117/135 MP: 23/23
 18293 | Lair:5   | Found a burning altar of Makhleb.
 18318 | Lair:5   | Your ally Arbeogh died
 18705 | Lair:5   | Found a staircase to the Slime Pits.
 18705 | Lair:5   | Found a viscous altar of Jiyva.
 18821 | Lair:5   | Gained Dorog as an ally
 19112 | Lair:5   | Found a gateway to Hell.
 19378 | D:12     | Noticed Rupert
 19385 | D:12     | Killed Rupert
 19400 | D:12     | Gained Gorbash as an ally
 19829 | D:12     | Found Zelink's Magic Scroll Shop.
 19873 | D:12     | Bought a scroll of immolation for 52 gold pieces
 19873 | D:12     | Bought a scroll of butterflies for 52 gold pieces
 19873 | D:12     | Bought a scroll of enchant armour for 97 gold pieces
 19873 | D:12     | Bought a scroll of brand weapon for 123 gold pieces
 19873 | D:12     | Bought a scroll of teleportation for 39 gold pieces
 19931 | D:12     | Found a staircase to the Orcish Mines.
 20077 | D:12     | Found Mauni's Armour Emporium.
 20459 | D:12     | Found Vyfipot's Armour Shoppe.
 20774 | Orc:1    | Entered Level 1 of the Orcish Mines
 20913 | Orc:2    | Entered Level 2 of the Orcish Mines
 20914 | Orc:2    | Found a frozen archway.
 20921 | Orc:2    | Gained Hilgar as an ally
 20929 | Orc:2    | Noticed an orc warlord
 20931 | Orc:2    | Found a roughly hewn altar of Beogh.
 20940 | Orc:2    | Killed an orc warlord
 20940 | Orc:2    | Gained Zartorak as an ally
 20942 | Orc:2    | Reached skill level 10 in Shields
 20947 | IceCv    | Entered an ice cave
 21019 | IceCv    | Gained Wargrak as an ally
 21027 | IceCv    | Your ally Wargrak died
 21377 | IceCv    | Noticed a white draconian
 21403 | IceCv    | Killed a white draconian
 21412 | IceCv    | Identified the ring "Zaocreu" {Drain *Slow rF+ Will+ Int+4}
 21707 | Orc:2    | Found a staircase to the Elven Halls.
 21734 | Orc:2    | Reached ****** piety under Beogh
 22445 | Orc:2    | Found Dobuatud's Distillery.
 22446 | Orc:2    | Found Liphusydgh's Antique Armour Shoppe.
 22446 | Orc:2    | Found Vilewk's Armour Emporium.
 22447 | Orc:2    | Found Utots's Antique Weapon Shoppe.
 22463 | Orc:2    | Bought a potion of haste for 140 gold pieces
 22463 | Orc:2    | Bought a potion of invisibility for 112 gold pieces
 22463 | Orc:2    | Bought a potion of magic for 112 gold pieces
 22463 | Orc:2    | Bought a potion of lignification for 42 gold pieces
 22855 | Orc:1    | Found a roughly hewn altar of Beogh.
 22931 | Orc:1    | Found a roughly hewn altar of Beogh.
 23055 | Orc:1    | Found a transporter.
 23058 | Orc:1    | Noticed 2sma's ghost (journeyman MiBe)
 23128 | Orc:1    | Found a transporter.
 23574 | D:13     | Noticed Frances
 23589 | D:13     | Killed Frances
 23593 | D:13     | Gained Boghold as an ally
 24238 | D:13     | Noticed Azrael
 24245 | D:13     | Killed Azrael
 24658 | D:14     | Reached XP level 15. HP: 141/141 MP: 24/24
 25134 | D:14     | Found a gate to the Vaults.
 25807 | D:15     | Entered Level 15 of the Dungeon
 25809 | D:15     | Found a staircase to the Depths.
 25831 | D:15     | Reached skill level 15 in Shields
 25984 | D:15     | Found the +5 scythe "Finisher" {speed, execute}
 27264 | Shoals:1 | Entered Level 1 of the Shoals
 27495 | Shoals:1 | Identified the serpent talisman of Decaying Leaves {rC+
                  | rN++ Dex-2 SInv}
 27495 | Shoals:1 | Noticed Aizul
 27500 | Shoals:1 | Killed Aizul
 27501 | Shoals:1 | Reached skill level 15 in Invocations
 28334 | Shoals:1 | Gained Wardok as an ally
 28678 | Shoals:2 | Reached XP level 16. HP: 146/151 MP: 27/27
 30507 | Shoals:2 | Noticed a kraken
 30521 | Shoals:2 | Killed a kraken
 32416 | Shoals:4 | Entered Level 4 of the Shoals
 32416 | Shoals:4 | Noticed Nikola
 32417 | Shoals:4 | Killed Nikola
 32634 | Shoals:4 | Identified the +8 battleaxe of the Burning Priest {vamp,
                  | *Rage MP+9 Str+6 Int+3}
 32928 | Shoals:4 | Killed Mara
 32992 | Shoals:4 | Reached XP level 17. HP: 141/163 MP: 30/30
 33005 | Shoals:4 | Got a barnacled rune of Zot
 33151 | Shoals:4 | Your ally Dorog died
 33151 | Shoals:4 | Killed Polyphemus
 33199 | Shoals:4 | Identified the +2 chain mail of Sorcery {SInv}
 34119 | Shoals:4 | Noticed a kraken
 34124 | Shoals:4 | Killed a kraken
 34331 | Shoals:4 | Identified the +0 pair of gloves of a Labyrinth {rC+ Int+3}
 34824 | Vaults:1 | Entered Level 1 of the Vaults
 34905 | Vaults:1 | Reached skill level 10 in Armour
 35061 | Vaults:1 | Found a portal to a secret trove of treasure.
 35596 | Vaults:1 | Reached skill level 17 in Polearms
 35789 | Vaults:1 | Found Muxir's Weapon Emporium.
 37496 | Vaults:2 | Reached XP level 18. HP: 172/172 MP: 32/32
 37619 | Vaults:2 | Reached skill level 18 in Polearms
 38529 | Vaults:2 | You fall into a shaft and drop 1 floor!
 38529 | Vaults:3 | Found Areal's Armour Boutique.
 38656 | Vaults:3 | Noticed Zenata
 38664 | Vaults:3 | Killed Zenata
 39031 | Vaults:3 | Noticed Norris
 39048 | Vaults:3 | Killed Norris
 39286 | Vaults:3 | Noticed Saint Roka
 39672 | Vaults:3 | Reached skill level 19 in Polearms
 40027 | Vaults:2 | Gained Boghold as an ally
 40535 | Vaults:2 | Identified the +9 shortbow "Vit Cau" {antimagic, Int+4
                  | Dex+4}
 41134 | Vaults:3 | Gained Wardok as an ally
 41153 | Vaults:3 | Your ally Zartorak died
 41333 | Vaults:3 | Found a staircase to the Crypt.
 41648 | Vaults:3 | Reached skill level 15 in Armour
 41648 | Vaults:3 | Reached XP level 19. HP: 156/179 MP: 33/33
 41790 | Vaults:3 | Identified the +1 robe "Beamy" {Int+3}
 42167 | Vaults:4 | Reached skill level 20 in Polearms
 42184 | Vaults:4 | Gained Syrus as an ally
 42508 | Vaults:4 | Gained Bogwald as an ally
 42540 | Vaults:4 | Your ally Bogwald died
 44604 | Elf:1    | Entered Level 1 of the Elven Halls
 44640 | Elf:1    | Gained Margrim as an ally
 44642 | Elf:1    | Paralysed by an air elemental for 1 turns
 44644 | Elf:1    | Your ally Margrim died
 44649 | Elf:1    | Paralysed by an air elemental for 1 turns
 44889 | Elf:1    | Gained Bladwarg as an ally
 44908 | Elf:1    | Your ally Bladwarg died
 45207 | Elf:1    | Paralysed by an air elemental for 1 turns
 45492 | Elf:1    | Got the Volume of Bolts
 45536 | Elf:1    | Your ally Margrim died
 45790 | Elf:1    | Found Woulleck's Armour Shop.
 45939 | Elf:1    | Found a large runed translucent door.
 45939 | Elf:1    | Found a large runed translucent door.
 45948 | Elf:1    | Noticed soulfreshner's ghost (adept NaEn)
 46345 | Elf:1    | Killed soulfreshner's ghost
 46346 | Elf:1    | Reached XP level 20. HP: 191/191 MP: 34/34
 46764 | Elf:2    | Found a shimmering blue altar of Sif Muna.
 46998 | Elf:2    | Paralysed by an air elemental for 1 turns
 47416 | Elf:2    | Reached skill level 21 in Polearms
 47429 | Elf:2    | Found a huge runed translucent gate.
 47429 | Elf:2    | Found a huge runed translucent gate.
 47429 | Elf:2    | Found a huge runed translucent gate.
 47429 | Elf:2    | Found a huge runed translucent gate.
 47429 | Elf:2    | Found a huge runed translucent gate.
 47572 | Elf:3    | Entered Level 3 of the Elven Halls
 48127 | Elf:3    | Identified the ring "Vawup" {rCorr AC+4 Dex+4}
 48586 | Elf:3    | Identified the +10 flail of Defilement {flame, rF+ rC+ rN+
                  | Dex+3}
 48604 | Elf:3    | Identified the +3 falchion of the Queen {vamp, Dex+4}
 48604 | Elf:3    | Identified the ring of Zin's Approval {Fly rN+ Will+ Int-4
                  | Dex+6}
 48611 | Elf:3    | Found Ixaal's Firing Range.
 49309 | Elf:3    | Noticed a Brimstone Fiend
 51590 | Spider:1 | Entered Level 1 of the Spider Nest
 51898 | Spider:1 | Gained Koronagh as an ally
 52238 | Spider:1 | Your ally Wardok died
 52329 | Spider:1 | Reached XP level 21. HP: 184/186 MP: 35/35
 53872 | Spider:2 | Gained Bogwald as an ally
 54069 | Spider:2 | Your ally Bogwald died
 54944 | Spider:3 | Gained Bolgrim as an ally
 56344 | Spider:3 | Found a runed translucent door.
 56650 | Spider:4 | Entered Level 4 of the Spider Nest
 57416 | Spider:4 | Reached skill level 22 in Polearms
 58656 | Spider:4 | Got a gossamer rune of Zot
 59184 | Depths:1 | Entered Level 1 of the Depths
 59668 | Depths:1 | Found a runed translucent gate.
 59668 | Depths:1 | Found a runed translucent gate.
 59668 | Depths:1 | Found a runed translucent gate.
 60031 | Depths:1 | Your ally Boghold died
 60978 | Depths:1 | Gained Agrik as an ally
 61799 | Depths:1 | Reached XP level 22. HP: 201/213 MP: 36/36
 61824 | Depths:1 | Found a one-way gate leading to the halls of Pandemonium.
 64252 | Depths:3 | Found a one-way gate to the infinite horrors of the Abyss.
 64265 | Depths:3 | Your ally Syrus died
 64265 | Depths:3 | Noticed Louise
 64275 | Depths:3 | Your ally Boghold died
 64313 | Depths:3 | Killed Louise
 64533 | Depths:3 | Found a transporter.
 64533 | Depths:3 | Noticed a golden dragon
 64535 | Depths:3 | Noticed a golden dragon
 64538 | Depths:3 | Noticed Qut Zosu's ghost (veteran MiCA)
 64598 | Depths:3 | Noticed Mennas
 64598 | Depths:3 | Noticed a golden dragon
 64632 | Depths:3 | Killed Mennas
 64635 | Depths:3 | Killed a golden dragon
 64642 | Depths:3 | Your ally Syrus died
 64839 | Depths:3 | Found a transporter.
 65602 | Depths:3 | Found a runed translucent door.
 65935 | Depths:4 | Entered Level 4 of the Depths
 66890 | Depths:4 | Found a one-way gateway to a ziggurat.
 67609 | Depths:4 | Found a runed translucent door.
 67610 | Depths:4 | Found a gate to the Realm of Zot.
 67860 | Depths:4 | Found a runed translucent door.
 67912 | Depths:4 | Found a runed translucent door.
 67929 | Depths:4 | Found a runed translucent door.
 67929 | Depths:4 | Found a runed translucent door.
 67940 | Depths:4 | Reached XP level 23. HP: 175/223 MP: 37/37
 68036 | Depths:4 | Found a runed translucent door.
 69662 | Vaults:5 | Entered Level 5 of the Vaults
 69748 | Vaults:5 | Reached skill level 23 in Polearms
 70270 | Vaults:5 | Identified the +9 battleaxe of the New World {freeze, rF-
                  | rN++ Will+++ Int-4}
 70312 | Vaults:5 | Got the Annotations on Flinty Ensorcelling
 70328 | Vaults:5 | Identified the +1 robe of the Saviour {Harm rN+}
 70374 | Vaults:5 | Identified the amulet of the Bespelling Gods {Spirit Harm
                  | Rampage *Slow rN+}
 70425 | Vaults:5 | Identified the +4 short sword of Debt {drain, Fly Str+3
                  | Int+2}
 70435 | Vaults:5 | Identified the orb of Vacvot {mayhem, Int+5}
 70464 | Vaults:5 | Reached skill level 24 in Polearms
 70470 | Vaults:5 | Identified the +7 orcbow of Descent {speed, Dex+2}
 70598 | Vaults:5 | Identified the +5 dagger "Unuzxyeff" {heavy, rF+ rN+}
 70857 | Vaults:5 | Identified the +1 great mace of Vuzxoy {spect, Str+3 Dex+2
                  | Stlth+}
 70865 | Vaults:5 | Gained Morbeogh as an ally
 71059 | Vaults:5 | Your ally Morbeogh died
 71062 | Vaults:5 | Reached skill level 25 in Polearms
 71100 | Vaults:5 | Got a silver rune of Zot
 71402 | Vaults:5 | Identified the +1 scale mail of Conscience {rN+ Will++
                  | Int-5}
 71413 | Vaults:5 | Identified the +1 leather armour "Babrioth" {Str+2}
 71666 | Vaults:5 | Reached XP level 24. HP: 203/226 MP: 37/37
 72143 | Vaults:5 | Learned a level 2 spell: Blink
 72248 | Vaults:5 | Noticed an ancient lich
 72259 | Vaults:5 | Killed an ancient lich
 72260 | Vaults:5 | Reached skill level 26 in Polearms
 73795 | Zot:1    | Entered Level 1 of the Realm of Zot
 74645 | Zot:1    | Gained Boderik as an ally
 75025 | Zot:1    | Your ally Boderik died
 75479 | Zot:1    | Reached skill level 27 in Polearms
 75848 | Zot:2    | Gained Hilgar as an ally
 75901 | Zot:2    | Your ally Hilgar died
 76226 | Zot:2    | Noticed a curse toe
 76672 | Zot:2    | Killed a curse toe
 79518 | Zot:3    | Reached XP level 25. HP: 155/238 MP: 38/38
 79816 | Zot:4    | Found a runed translucent door.
 79819 | Zot:4    | Noticed Nacytt's ghost (legendary MiFi)
 80856 | Zot:4    | Found a glowing silver altar of Zin.
 80856 | Zot:4    | Found a shimmering altar of Xom.
 80856 | Zot:4    | Found a shimmering altar of Xom.
 80856 | Zot:4    | Found a shimmering altar of Xom.
 81114 | Zot:4    | Found a shimmering altar of Xom.
 81115 | Zot:4    | Noticed a Killer Klown
 81141 | Zot:4    | Killed a Killer Klown
 81265 | Zot:4    | Noticed an orb of fire
 81266 | Zot:4    | Gained mutation: You occasionally shout uncontrollably at
                  | your foes. [an orb of fire]
 81267 | Zot:4    | Gained mutation: You are frail. (-10% HP) [an orb of fire]
 81283 | Zot:4    | Killed an orb of fire
 81299 | Zot:4    | Lost mutation: You are frail. (-10% HP) [potion of
                  | mutation]
 81299 | Zot:4    | Lost mutation: You occasionally shout uncontrollably at
                  | your foes. [potion of mutation]
 81299 | Zot:4    | Gained mutation: You expend magic power (3 MP) to
                  | strengthen your wands. [potion of mutation]
 81485 | Zot:4    | Killed from afar by a black draconian

Illustrated notes

Levels and vault maps discovered:
D:1:      minmay_arrival_loop, layout_loops_ring,
          dreamdust_ecumenical_altar_angels_and_demons, minmay_misc_feat_chi
D:2:      layout_loops_ring, kennysheep_generic_room_8
D:3:      minmay_chambers_of_twos, layout_loops_corners, uniq_jessica
D:4:      layout_loops_corners, nicolae_qazlal_scattered_showers,
          mainiacjoe_overflow_tiny_flanked, minmay_overflow_temple_star_hex,
          chequers_serial_rivers_micro_a, uniq_ijyb, uniq_robin, uniq_pikel
D:5:      layout_loops_ring, mainiacjoe_overflow_large_starburst, serial_shops,
          shop, nicolae_ossuary_entry_catacombs
D:6:      cheibrodos_helix_gallery, layout_cave_pools, lemuel_doored_altar,
          nemelex_spade_bored_becter, serial_shops, kennysheep_mini_moat,
          kennysheep_generic_room_2
D:7:      layout_loops_ring, minmay_temple_entry_statues_fountains,
          serial_bayou, serial_bayou_pond_b, serial_bayou_crossing,
          serial_bayou_ford_a, serial_bayou_pond_e, minmay_crystal_room,
          uniq_duvessa
D:8:      layout_basic, lair_entry_dummy, gammafunk_ghost_nasty_kobolds,
          lightli_orcish_oven, uniq_maggie
D:9:      layout_basic, minivault_22, nicolae_wwwww
D:10:     layout_big_octagon, serial_shops, shop, minmay_rotating_lava
D:11:     layout_basic, uniq_harold
D:12:     layout_loops_ring, hiddenorc2_lemuel, serial_shops, kennysheep_mini,
          nicolae_stop_n_shop_2, nicolae_inconvenience_store,
          minmay_beelzebubs_servants, uniq_rupert
D:13:     layout_stronghold, uniq_azrael, uniq_frances
D:14:     layout_rooms, lightli_vaults_fourway_checkpoint
D:15:     gammafunk_depths_entry_grave, layout_gridville, minmay_misc_feat_rows,
          minmay_guarded_unrand_finisher
Lair:1:   layout_small_grid, minivault_11, fungi_pond_lemuel,
          kennysheep_abandoned_house, lemuel_fruit_tree, serial_bayou_shore_a
Lair:2:   layout_gridlike, minmay_shoals_entry_beasts, spider_nest_entry_a,
          wad_woods_river_01
Lair:3:   layout_regular_city, gauntlet_entry_generic, lemuel_fruit_fields
Lair:4:   layout_hall_layers
Lair:5:   evil_forest, layout_regular_city, slime_entry_1,
          infiniplex_staircase_pool
Shoals:1: layout_shoals, uniq_aizul
Shoals:2: layout_shoals
Shoals:3: layout_shoals, nicolae_shoals_sun_and_surf
Shoals:4: shoals_end_grunt_ice, layout_shoals, nicolae_shoals_spectral_cove,
          uniq_polyphemus, uniq_mara, uniq_nikola
Spider:1: layout_cave_pods, nicolae_spider_baby_got_redback
Spider:2: layout_spider_delve
Spider:3: cheibrodos_spider_deadly_dance
Spider:4: hellmonk_spider_rune_bug_friends, nicolae_spider_nook,
          hangedman_spider_tarantella_strand
Orc:1:    nicolae_orc_accident_2, layout_caves, gammafunk_ghost_stat_death,
          mines1_david
Orc:2:    st_orc_pillars, layout_diamond_mine, basic_altar,
          portal_ice_cave_entry_imps
Elf:1:    nicolae_elf_arrival_fired_up, layout_geoelf_diagonals, serial_shops,
          shop, ebering_ghost_disaster_area, minmay_elf_annihilation,
          hangedman_elven_ridges
Elf:2:    elven_hall_of_blades_hangedman_alternative
          [nicolae_blade_entry_floor_patterns], layout_geoelf_octagon,
          basic_altar, minivault_25
Elf:3:    minmay_elf_hall_spiked, layout_geoelf_castle,
          nicolae_shop_firing_range
Vaults:1: nicolae_vaults_storage_room_doors, vaults_room_pools,
          vaults_standard_mumra_enter_the_diamond, hangedman_vaults_slice,
          nicolae_vaults_lightning_bolt, layout_vaults_chaotic_city,
          enter_trove_1, serial_shops, nicolae_shop_bloodbath_and_beyond
Vaults:2: nicolae_vaults_security_offices_1,
          nicolae_vaults_trapezoid_lopsided_4, nicolae_vaults_mitosis,
          nicolae_vaults_triangles, v_misc_3, v_misc_28,
          nicolae_vaults_border_crossing, hangedman_vaults_capsules,
          nicolae_vaults_apartment_1, nicolae_vaults_diamond_2,
          layout_vaults_ring
Vaults:3: grunt_vaults_twisty, nicolae_vaults_wine_cellar,
          nicolae_vaults_house_2, minmay_crypt_entry_simple_box,
          dpeg_vaults_monster_row, nicolae_vaults_network_quinsquares
          [nicolae_vaults_network_quincunx_subvault,
          nicolae_vaults_network_quincunx_subvault,
          nicolae_vaults_network_quincunx_subvault,
          nicolae_vaults_network_quincunx_subvault], vaults_room_pools,
          nicolae_vaults_closet_pinwheel_2, vaults_room_grid,
          nicolae_vaults_tetromino_T_2, vaults_room_pool,
          dpeg_vaults_monster_box, layout_vaults_quadrants, serial_shops,
          nicolae_diamond_shop, uniq_zenata, uniq_norris, uniq_saint_roka
Vaults:4: nicolae_vaults_variable_pillar_hall, v_misc_11,
          nicolae_vaults_spaceships, grunt_vaults_funnel, hangedman_vaults_hat,
          grunt_vaults_bifocal, grunt_vaults_diagonal, nicolae_vaults_diamond_2,
          nicolae_vaults_storage_closets_2, grunt_vaults_hallway_short,
          ontoclasm_vaults_ring_small, vaults_room_stairs_pillars,
          vaults_room_fours, grunt_vaults_hallway_short, layout_vaults_omnicross
Vaults:5
Depths:1: layout_honeycomb, hangedman_abyss_or_decor_lesser_grid, hellmouth_3,
          rand_demon_pan_entry_4, pandoras_box_mu, firewood_loft
Depths:2: lemuel_minitomb, layout_cave_shapes, kennysheep_decorative_pillar,
          pan_entry, pf_hell_entry_tar_river, serial_bayou_shore_b
Depths:3: kennysheep_bubble_arena, layout_basic,
          nicolae_abyss_entry_one_way_or_another, gammafunk_ghost_arena,
          hell_entry, minivault_16, minmay_crystal_box, uniq_mennas
Depths:4: evilmike_zot_entry_castle, layout_basic, enter_ziggurat_d,
          hangedman_abyss_entry_splay, pf_vacation_house_of_asmodeus,
          abandoned_shop
Zot:1:    layout_gridlike, grunt_megastairs_1
Zot:2:    layout_concentric_octagons, regret_index_zotdec_split_disrupt
Zot:3:    kennysheep_room_grid, layout_misc_corridors
Zot:4:    dreamdust_zin_vs_xom, layout_onion_interference,
          hellmonk_ghost_happy_afterlife, regret_index_zotdec_stipple_waver,
          uniq_grunn

Skill      XL: |  1  2  3  4  5  6  7  8  9 10 11 12 13 14 15 16 17 18 19 20 21 22 23 24 25 |
---------------+----------------------------------------------------------------------------+-----
Fighting       | 3 4 5 6 7 8 11 12 13 15 16 18 19 20 21 22 | 22.0
Invocations    | 6 8 10 12 15 19 20 22 24 | 24.2
Polearms       | 7 12 13 15 16 17 19 20 21 22 25 27 | 27.0
Armour         | 1 5 8 12 15 16 17 18 20 | 20.2
Shields        | 5 13 15 16 17 18 20 | 20.3
Short Blades   | |  2.0
Throwing       | |  1.7
Dodging        | |  0.7
Stealth        | |  3.2

Action                     |  1- 3 |  4- 6 |  7- 9 | 10-12 | 13-15 | 16-18 | 19-21 | 22-24 | 25-27 || total
---------------------------+-------+-------+-------+-------+-------+-------+-------+-------+-------++-------
  Melee: Dagger            |    81 |       |       |       |       |       |       |       |       ||    81
         Punch             |     3 |     3 |    12 |    15 |     3 |       |       |       |       ||    36
         Spear             |     4 |   243 |   411 |  1077 |       |       |       |       |       ||  1735
         Demon trident     |       |       |       |       |  1139 |  1164 |  2074 |  2306 |   290 ||  6973
         Unarmed           |       |       |       |       |       |     3 |       |       |       ||     3
  Throw: Dart              |     2 |     4 |       |     4 |     4 |     1 |     4 |       |       ||    19
 Invoke: Convert to Beogh  |       |     1 |       |       |       |       |       |       |       ||     1
         Smiting           |       |       |     3 |     8 |    22 |     3 |     6 |    31 |     2 ||    75
         Recall Orcish Fol |       |       |       |     3 |    11 |    15 |    11 |     4 |       ||    44
         Stop Recall       |       |       |       |     1 |     7 |    15 |     8 |     1 |       ||    32
         Give Item to Name |       |       |       |       |     3 |     2 |     3 |     1 |       ||     9
         Resurrection      |       |       |       |       |       |     1 |     3 |     1 |       ||     5
  Evoke: Wand              |       |     1 |     3 |    11 |     3 |     6 |     3 |    23 |     1 ||    51
         Condenser vane    |       |       |       |     1 |     2 |     1 |     2 |     2 |       ||     8
         Lightning rod     |       |       |       |       |       |       |       |     8 |       ||     8
         Phantom mirror    |       |       |       |       |       |       |       |     1 |       ||     1
         Box of beasts     |       |       |       |       |       |       |       |       |     1 ||     1
         Phial of floods   |       |       |       |       |       |       |       |       |     1 ||     1
    Use: Potion            |       |       |     3 |       |     1 |     2 |     2 |    14 |     5 ||    27
         Scroll            |       |       |     6 |    14 |     9 |     3 |     9 |    17 |     3 ||    61
   Stab: Sleeping          |     3 |       |     1 |     4 |     2 |     6 |     1 |     1 |       ||    18
         Distracted        |       |       |       |     6 |     7 |    17 |    21 |    10 |       ||    61
         Petrified         |       |       |       |       |     1 |       |       |       |       ||     1
         Confused          |       |       |       |       |     1 |       |       |     2 |       ||     3
 Armour: Robe              |    25 |       |       |       |       |       |       |       |       ||    25
         Scale mail        |    11 |    53 |   158 |       |       |       |       |       |       ||   222
         Leather armour    |       |       |    17 |    58 |     3 |       |       |       |       ||    78
         Swamp dragon scal |       |       |       |   258 |       |       |       |       |       ||   258
         Fire dragon scale |       |       |       |       |   574 |   618 |  1002 |   130 |       ||  2324
         Skin              |       |       |       |       |       |     1 |       |    22 |       ||    23
         Gold dragon scale |       |       |       |       |       |       |       |   996 |   221 ||  1217
  Dodge: Dodged            |    44 |    93 |   160 |   322 |   353 |   338 |   379 |   228 |    31 ||  1948
  Block: Kite shield       |       |       |       |       |   341 |   577 |  1348 |  1463 |   257 ||  3986
         Reflection        |       |       |       |       |       |       |    53 |    37 |     1 ||    91

Table legend: (Time is in decaauts)
 A = Elapsed time spent in this place.
 B = Non-inter-level travel time spent in this place.
 C = Inter-level travel time spent in this place.
 D = Time resting spent in this place.
 E = Time spent auto-exploring this place.
 F = Levels seen in this place.
 G = Mean time per level.
                   A        B        C        D        E       F      G
               +--------+--------+--------+--------+--------+-----+--------+
         Total |  79749 |  72774 |   6975 |  21091 |  34924 |  49 | 1627.5 |
       Dungeon |  18057 |  15469 |   2588 |   3198 |   8548 |  15 | 1203.8 |
          Lair |   7233 |   6225 |   1008 |   1305 |   3483 |   5 | 1446.6 |
        Shoals |   7783 |   7459 |    324 |   2320 |   3700 |   4 | 1945.8 |
   Spider Nest |   5674 |   5459 |    215 |   2027 |   2188 |   4 | 1418.5 |
  Orcish Mines |   2099 |   1865 |    234 |    223 |   1235 |   2 | 1049.5 |
   Elven Halls |   6146 |   5979 |    167 |   1987 |   2671 |   3 | 2048.7 |
        Vaults |  13939 |  12260 |   1679 |   4287 |   4939 |   5 | 2787.8 |
        Depths |   9317 |   8683 |    634 |   2792 |   3961 |   4 | 2329.2 |
           Zot |   6953 |   6830 |    123 |   2105 |   3448 |   4 | 1738.2 |
       Ossuary |    989 |    989 |      0 |    320 |    357 |   1 |  989.0 |
      Ice Cave |    584 |    584 |      0 |     43 |    320 |   1 |  584.0 |
      Gauntlet |    970 |    970 |      0 |    483 |     72 |   1 |  970.0 |
               +--------+--------+--------+--------+--------+-----+--------+

Top non-repeatable levels by time:
Depths:4: 3539 daAuts
Vaults:5: 3487 daAuts
   Elf:3: 3291 daAuts
Vaults:2: 3179 daAuts
Vaults:3: 2718 daAuts
Vaults:4: 2536 daAuts
   Zot:2: 2383 daAuts
Depths:3: 2334 daAuts
    D:15: 2253 daAuts
Shoals:2: 2201 daAuts
Shoals:4: 2192 daAuts
Depths:1: 2122 daAuts
  Lair:5: 2057 daAuts
Spider:4: 2046 daAuts
Vaults:1: 2018 daAuts
